 Dungeon Crawl Stone Soup version 0.28-a0-1087-gf3fc490d9d (webtiles) character file.

Game seed: 6312072100577181851

60 ytrimaz the Insei (level 4, 0/28 HPs)
             Began as an Octopode Transmuter on Dec 10, 2021.
             Slain by a worm (10 damage)
             ... on level 2 of the Dungeon.
             The game lasted 00:01:18 (1939 turns).

ytrimaz the Insei (Octopode Transmuter)             Turns: 1939, Time: 00:01:18

Health: 0/28       AC:  2    Str:  9    XL:     4   Next: 6%
Magic:  6/8        EV: 19    Int: 17    God:
Gold:   64         SH:  0    Dex: 17    Spells: 2/8 levels left

rFire   . . .      SeeInvis .     - Unarmed
rCold   . . .      Faith    .   (shield currently unavailable)
rNeg    . . .      Spirit   .   (helmet currently unavailable)
rPois   x          Reflect  .   (no amulet)
rElec   .          Harm     .   (no ring)
rCorr   .          Rampage  .   (no ring)
Will    .....                   (no ring)
Stlth   ++........              (no ring)
HPRegen 0.09/turn               (no ring)
MPRegen 0.11/turn               (no ring)
                                (no ring)
                                (no ring)

@: spider-form (expiring)
A: venomous fangs, almost no armour, (amphibious), 8 rings, tiny, (camouflage
1), (gelatinous body 1), (nimble swimmer 1), (tentacles)
a: End Transformation


You were on level 2 of the Dungeon.
You were a venomous arachnid creature.
You visited 1 branch of the dungeon, and saw 2 of its levels.

You collected 64 gold pieces.

Inventory:

Scrolls
 a - a scroll of torment {unknown}
 b - a scroll of noise
Potions
 c - a potion of curing
 d - a potion of brilliance


   Skills:
 * Level 1.6 Fighting
 - Level 2.0 Dodging
 + Level 3.7 Unarmed Combat
 * Level 2.7 Spellcasting
 * Level 2.5 Transmutations


You had 2 spell levels left.
You knew the following spells:

 Your Spells              Type           Power      Damage    Failure   Level
a - Beastly Appendage     Tmut           20%        N/A       17%         1
b - Wereblood             Tmut           10%        N/A       24%         2
c - Spider Form           Tmut/Pois      6%         N/A       54%         3

Your spell library contained the following spells:

 Spells                   Type           Power      Damage    Failure   Level
 Magic Dart               Conj           8%         1d3       38%         1
 Searing Ray              Conj           4%         2d4       47%         2
 Ice Form                 Ice/Tmut       6%         N/A       87%         4
 Fulminant Prism          Conj/Hex       1%         3d6       96%         4


Dungeon Overview and Level Annotations

Branches:
Dungeon (2/15)

Altars:


Innate Abilities, Weirdness & Mutations

You are a venomous arachnid creature.
You have poisonous fangs.
You are tiny and dextrous.
Your spellcasting is less reliable in this form.
Your armour is entirely melded.
You are incapable of wielding weapons or throwing items.
You cannot wear most types of armour.
((You are amphibious.))
You can wear up to eight rings at the same time.
((Your skin changes colour to match your surroundings (Stealth+).))
((Your rubbery body absorbs attacks. (AC +1, EV +1)))
((You are camouflaged near water. (Stealth+)))
((You have tentacles for arms and can constrict up to eight enemies at once.))


Message History

Found a ring mail.
There are monsters nearby!
There are monsters nearby!
Casting: Spider Form (extremely dangerous; 32% risk of failure)
Confirm with . or Enter, or press ? or * to list all spells.
The spell is extremely dangerous to miscast (32% risk of failure)!
Continue anyway?
You turn into a venomous arachnid creature.
The quokka misses you.
Unknown command.
You barely miss the quokka.
Your transformation is almost over.
The quokka bites you.
You barely miss the quokka. The quokka misses you.
A rat comes into view.
You hit the quokka but do no damage.
The quokka is poisoned.
The quokka barely misses you.
You hit the quokka but do no damage.
The quokka looks even sicker.
The quokka misses you.
You hit the quokka.
The quokka looks as sick as possible!
The quokka is heavily wounded.
You kill the quokka!
A goblin comes into view. It is wielding a +0 dagger.
The worm bites you!
There is an open door here.
You see here a quokka corpse.
You hit the worm.
The worm is poisoned.
The worm is lightly wounded.
You hit the worm but do no damage.
The worm looks even sicker.
The worm is lightly wounded.
The worm bites you!
You are too injured to fight recklessly!
You are too injured to fight recklessly!
Unknown command.
You hit the worm.
The worm looks as sick as possible!
The worm is lightly wounded.
The goblin shouts!
You hit the worm.
The worm looks as sick as possible!
The worm is severely wounded.
The rat misses you. The worm bites you!
You die...

.....#.. ........
######.# #....#.#
###..#.##
........#########
###.........†...##
+.....#######..#
#.....# ##s#
####.## #..rw..#
#.# #.........#
#.# #...........#
####+#
........g...#
#....#
...#####.[..#
#..[.# ... 8...#
#....# .. ....#
#....#


You could see a worm (extremely poisoned), a goblin and a rat.

Vanquished Creatures
  Natasha (D:2)
  5 ball pythons
  2 goblins
  7 hobgoblins
  2 jackals (D:1)
  2 quokkas
  3 bats (D:1)
  4 frilled lizards (D:1)
  4 kobolds (D:1)
  3 rats (D:1)
33 creatures vanquished.

Notes
Turn   | Place    | Note
-------+----------+-------------------------------------------
     0 | D:1      | ytrimaz the Octopode Transmuter began the quest for the
                  | Orb.
     0 | D:1      | Reached XP level 1. HP: 13/13 MP: 3/3
   147 | D:1      | Reached XP level 2. HP: 18/18 MP: 3/5
   155 | D:1      | Learned a level 2 spell: Wereblood
  1102 | D:1      | Reached XP level 3. HP: 23/23 MP: 4/6
  1106 | D:1      | Learned a level 3 spell: Spider Form
  1407 | D:2      | Noticed Natasha
  1416 | D:2      | Killed Natasha
  1875 | D:2      | Reached XP level 4. HP: 25/28 MP: 7/7
  1939 | D:2      | Slain by a worm

Illustrated notes

Levels and vault maps discovered:
D:1:      dpeg_arrival_chambers_temple_mockup, layout_basic, serial_glass,
          glass_columns_a, glass_columns_a, glass_columns_b, glass_columns_c,
          minmay_tetromino_i2
D:2:      layout_basic, kennysheep_potato, uniq_natasha

Action                   |  1- 3 |  4- 6 || total
-------------------------+-------+-------++-------
Melee: Unarmed           |    61 |    12 ||    73
       Constrict         |    19 |     1 ||    20
       Tentacles         |    13 |       ||    13
       Kick              |    10 |       ||    10
 Cast: Beastly Appendage |    17 |       ||    17
       Spider Form       |       |     1 ||     1
  Use: Scroll            |     5 |       ||     5
 Stab: Sleeping          |     8 |       ||     8
Armor: Skin              |     6 |     1 ||     7
Dodge: Dodged            |    32 |     5 ||    37

Table legend: (Time is in decaauts)
 A = Elapsed time spent in this place.
 B = Non-inter-level travel time spent in this place.
 C = Inter-level travel time spent in this place.
 D = Time resting spent in this place.
 E = Time spent auto-exploring this place.
 F = Levels seen in this place.
 G = Mean time per level.
                   A        B        C        D        E       F      G
               +--------+--------+--------+--------+--------+-----+--------+
         Total |   1943 |   1933 |     10 |      0 |   1664 |   2 |  971.5 |
       Dungeon |   1943 |   1933 |     10 |      0 |   1664 |   2 |  971.5 |
               +--------+--------+--------+--------+--------+-----+--------+

Top non-repeatable levels by time:
     D:1: 1181 daAuts
     D:2: 762 daAuts
